 Dungeon Crawl Stone Soup version 0.30-a0-263-ge22c4ad894 (webtiles) character file.

Game seed: 13893031943450982276

3329 sscrono2 the Martial Artist (level 10, -2/63 HPs)
             Began as an Octopode Delver on Oct 13, 2022.
             Was a Believer of Wu Jian.
             Shot with an arrow by a centaur warrior (31 damage)
             ... on level 8 of the Dungeon.
             The game lasted 00:20:04 (10258 turns).

sscrono2 the Martial Artist (Octopode Delver)      Turns: 10258, Time: 00:20:05

Health: -2/63      AC:  1    Str: 13    XL:     10   Next: 2%
Magic:  16/16      EV: 13    Int: 15    God:    Wu Jian [**....]
Gold:   249        SH:  0    Dex: 14    Spells: 4/17 levels left

rFire   . . .      SeeInvis .      - Unarmed
rCold   . . .      Faith    .    (no shield)
rNeg    . . .      Spirit   .    (helmet restricted)
rPois   .          Reflect  .    (no amulet)
rElec   .          Harm     .    j - ring "Leaz" {Wiz +Blink}
rCorr   .          Rampage  .    (no ring)
Will    .....                    (no ring)
Stlth   ++++......               (no ring)
HPRegen 0.30/turn                (no ring)
MPRegen 0.15/turn                (no ring)
                                 (no ring)
                                 (no ring)

@: no status effects
A: almost no armour, amphibious, 8 rings, camouflage 1, gelatinous body 1,
(nimble swimmer 1), tentacles
a: Renounce Religion, Evoke Blink, Wall Jump


You were on level 8 of the Dungeon.
You worshipped Wu Jian.
Wu Jian was pleased with you.
You visited 2 branches of the dungeon, and saw 9 of its levels.

You collected 282 gold pieces.
You spent 33 gold pieces at shops.

Inventory:

Missiles
 o - 15 poisoned darts (quivered)
Jewellery
 c - an amulet of faith
 j - the ring "Leaz" (left tentacle) {Wiz +Blink}
   (You found it on level 3 of the Dungeon)

   [ring of wizardry]

   It improves your spell success rate.
   +Blink:    It lets you blink.
Wands
 e - a wand of digging (2)
 f - a wand of paralysis (5)
 r - a wand of flame (7)
 u - a wand of iceblast (21)
Scrolls
 a - a scroll of fog
 b - 2 scrolls of magic mapping
 g - a scroll of butterflies
 l - a scroll of fear
 m - 2 scrolls of enchant armour
 p - 4 scrolls of teleportation
 s - a scroll of noise {unknown}
 v - a scroll of enchant weapon {unknown}
 x - a scroll of immolation {unknown}
Potions
 d - 2 potions of attraction {unknown}
 h - a potion of ambrosia
 i - 2 potions of heal wounds {unknown}
 k - 2 potions of brilliance {unknown}
 n - a potion of invisibility
 t - a potion of resistance


   Skills:
 - Level 3.0 Fighting
 - Level 2.0 Dodging
 - Level 6.6 Stealth
 + Level 8.3 Unarmed Combat
 + Level 4.3 Spellcasting
 * Level 7.0 Conjurations
 * Level 7.0 Air Magic


You had 4 spell levels left.
You knew the following spells:

 Your Spells              Type           Power      Damage    Failure   Level
a - Arcjolt               Conj/Air       12%        1d22      11%         5
b - Vhi's Electric Charg  Tloc/Air       26%        N/A       4%          3
c - Lightning Bolt        Conj/Air       12%        1d25      11%         5

Your spell library contained the following spells:

 Spells                   Type           Power      Damage    Failure   Level
 Static Discharge         Conj/Air       48%        2-4/arc   1%          2
 Dazzling Flash           Conj/Hex       26%        N/A       5%          3
 Iskenderun's Mystic Bla  Conj/Tloc      13%        2d5       16%         4
 Starburst                Conj/Fire      6%         6d4       92%         6
 Maxwell's Capacitive Co  Air            12%        ∞         100%        8


Dungeon Overview and Level Annotations

Branches:
Dungeon (8/15)             Temple (1/1) D:5
   Lair: D:8-11

Altars:
Ashenzari
Dithmenos
Elyvilon
Fedhas
Gozag
Hepliaklqana
Kikubaaqudgha
Makhleb
Nemelex Xobeh
Okawaru
Qazlal
Ru
Sif Muna
Uskayaw
Vehumet
Wu Jian
Xom
Yredelemnul
Zin

Shops:
D:1 *   D:3 ?   D:5 *

Annotations:
D:8 1 runed translucent door


Innate Abilities, Weirdness & Mutations

You cannot wear most types of armour.
You are amphibious.
You can wear up to eight rings at the same time.
Your skin changes colour to match your surroundings (Stealth+).
Your rubbery body absorbs attacks. (AC +1, EV +1)
((You are camouflaged when in or above water. (Stealth+)))
You have tentacles for arms and can constrict up to eight enemies at once.


Message History

You kill the howler monkey!
The Council accepts your kill. The bullfrog misses you.
The orc hits you but does no damage.
Your Air Magic skill increases to level 7!
You have reached level 10!
You feel agile.
You bludgeon the bullfrog! You grab the bullfrog.
You tentacle-slap the bullfrog!
The bullfrog is severely wounded.
You constrict the bullfrog. The bullfrog barely misses you.
The orc hits you with a +0 mace.
Unknown command.
You tentacle-slap the bullfrog.
The bullfrog is almost dead.
You constrict the bullfrog.
You kill the bullfrog!
The Council accepts your kill.
Unknown command.
You bludgeon the orc!
You kill the orc!
The Council accepts your kill.
Your Conjurations skill increases to level 7!
Unknown command.
You tentacle-slap the orc warrior. You grab the orc warrior.
The orc warrior is lightly wounded.
You constrict the orc warrior, but do no damage.
The orc warrior hits you with a +0 mace!
Unknown command.
You tentacle-slap the orc warrior.
The orc warrior is moderately wounded.
You constrict the orc warrior, but do no damage.
The orc warrior barely misses you.
Unknown command.
You bludgeon the orc warrior!
The orc warrior is heavily wounded.
You constrict the orc warrior, but do no damage.
The orc warrior hits you with a +0 mace!
The centaur warrior wields a +0 longbow.
The centaur warrior shoots an arrow.
The arrow hits you!!
You die...

#...........#..).......
#..###......###......##
#.#..###....####.......
#.##..####...#####..###
#.###..#####........#
#.#$##..##.###....#.#
#.#..##..#..c###..#.#
#. #.†##...##..##...###
#. #o@..###.#..###...#
#..### #.###..###..
#..### #.# ###..### ###
..# #$###..# c###
#...###. #T #..QcD+.
#.# B ## #...###.
#.#### ## .. #Q###..#
#.#.[### #. ###..###


You could see a centaur warrior and an orc warrior.

Vanquished Creatures
  Joseph (D:8)
  Eustachio (D:5)
  4 water moccasins (D:5)
  2 black bears
  2 sky beasts
  6 ogres
  A centaur (D:7)
  3 bullfrogs
  A necrophage (D:8)
  A scorpion (D:5)
  3 wights (D:6)
  5 killer bees (D:7)
  2 howler monkeys
  3 jellies
  A hound (D:4)
  An orc priest (D:7)
  5 iguanas
  6 orc wizards
  6 adders
  8 gnolls (D:5)
  2 shadow imps
  4 white imps
  2 ufetubi (D:4)
  2 worms
  A dart slug (D:1)
  21 orcs
  10 bats
  17 endoplasms
  A giant cockroach (D:3)
  6 goblins
  6 hobgoblins
  11 jackals
  2 quokkas (D:3)
  5 ball pythons
  3 frilled lizards
  11 kobolds
  6 rats
172 creatures vanquished.

Vanquished Creatures (others)
  9 fungi (D:2)
  5 toadstools (D:2)
14 creatures vanquished.

Grand Total: 186 creatures vanquished

Notes
Turn   | Place    | Note
-------+----------+-------------------------------------------
     0 | D:5      | sscrono2 the Octopode Delver began the quest for the Orb.
     0 | D:5      | Reached XP level 1. HP: 16/16 MP: 1/1
     3 | D:5      | Identified the +6 scale mail of Impermeability {rF+ rC+
                  | Dex-3}
    27 | D:4      | Reached XP level 2. HP: 21/21 MP: 2/2
    27 | D:4      | Noticed a black bear
    50 | D:4      | Reached skill level 3 in Unarmed Combat
   103 | D:3      | Found Miplaar's Magic Scroll Shop.
   186 | D:1      | Reached XP level 3. HP: 26/26 MP: 3/3
   258 | D:1      | Found a faded altar of an unknown god.
   472 | D:1      | Found Hyoliy's General Store.
   485 | D:1      | Bought a potion of lignification for 33 gold pieces
   771 | D:1      | Reached skill level 4 in Unarmed Combat
   849 | D:2      | Reached XP level 4. HP: 11/31 MP: 4/4
  2182 | D:3      | Identified the ring "Leaz" {Wiz +Blink}
  2545 | D:2      | Reached skill level 5 in Unarmed Combat
  2545 | D:2      | Reached XP level 5. HP: 11/36 MP: 5/5
  3202 | D:4      | Found an iron altar of Okawaru.
  3303 | D:4      | Noticed an ogre
  3325 | D:4      | Killed an ogre
  3326 | D:4      | Reached skill level 6 in Unarmed Combat
  3326 | D:4      | Reached XP level 6. HP: 35/42 MP: 6/6
  3754 | D:4      | Learned a level 5 spell: Arcjolt
  4077 | D:4      | Killed a black bear
  4078 | D:4      | Reached skill level 1 in Conjurations
  4078 | D:4      | Reached skill level 1 in Air Magic
  4212 | D:5      | Reached XP level 7. HP: 20/46 MP: 6/8
  4338 | D:5      | Found a staircase to the Ecumenical Temple.
  4360 | Temple   | Entered the Ecumenical Temple
  4629 | D:5      | Found a shimmering blue altar of Sif Muna.
  4645 | D:5      | Reached skill level 1 in Spellcasting
  4659 | Temple   | Became a worshipper of the Wu Jian Council
  4682 | D:5      | Noticed Eustachio
  4718 | D:5      | Killed Eustachio
  4719 | D:5      | Reached skill level 7 in Unarmed Combat
  4837 | D:5      | Learned a level 3 spell: Vhi's Electric Charge
  4931 | D:5      | Reached XP level 8. HP: 52/52 MP: 10/10
  6044 | D:5      | Found Syitisum's Serpentskin Sales.
  6660 | D:5      | Reached skill level 5 in Air Magic
  7009 | D:6      | Reached * piety under Wu Jian
  7010 | D:6      | Reached skill level 5 in Conjurations
  7028 | D:6      | Reached XP level 9. HP: 41/56 MP: 9/13
  7556 | D:6      | Found a radiant altar of Vehumet.
  8979 | D:7      | Identified the +0 ring mail of the Gloaming {Contam Int+8
                  | Dex+4 SInv}
  9388 | D:7      | Reached skill level 8 in Unarmed Combat
  9576 | D:6      | Learned a level 5 spell: Lightning Bolt
  9909 | D:8      | Noticed Joseph
  9919 | D:8      | Killed Joseph
  9954 | D:8      | Noticed a tengu warrior
  9954 | D:8      | Noticed a centaur warrior
  9954 | D:8      | Noticed a five-headed hydra
  9958 | D:8      | Found a runed translucent door.
  9990 | D:8      | Reached ** piety under Wu Jian
 10240 | D:8      | Noticed a centaur warrior
 10240 | D:8      | Noticed a troll
 10240 | D:8      | Noticed a boulder beetle
 10253 | D:8      | Reached XP level 10. HP: 54/63 MP: 16/16
 10258 | D:8      | Shot with an arrow by a centaur warrior

Illustrated notes

Levels and vault maps discovered:
D:1:      matt_arrival_grand_opening, layout_rooms, serial_shops,
          nicolae_shop_waterfront, serial_aquarium, aquarium_bridge_square
          [aquarium_subvault_window, aquarium_subvault_bridge,
          aquarium_subvault_balcony, aquarium_subvault_wall],
          aquarium_window_corner, aquarium_window_1, aquarium_window_1,
          aquarium_view_2c, dilly_ecumenical_altar_fadedgnrine,
          item_on_display_a
D:2:      cheibrodos_fertilizer, layout_basic
D:3:      layout_basic, serial_shops, nicolae_lakefront_shop
D:4:      layout_loops_ring, hellmonk_okawaru_the_only_friend_you_need,
          minmay_misc_feat_ornament
D:5:      layout_layer_cave, kennysheep_mini_moat, temple_fountains,
          minmay_misc_feat_plants, guppyfry_shop_venom, uniq_eustachio
D:6:      layout_loops_ring, nicolae_vehumet_altar_sigil
D:7:      layout_cave_pools
D:8:      minmay_the_grid_triangle_9x9_recursive_2
          [minmay_the_grid_triangle_9x9_prize_center,
          minmay_the_grid_triangle_9x9_limited_checkers,
          minmay_the_grid_triangle_9x9_semitri,
          minmay_the_grid_triangle_9x9_subtriangle], layout_loops_corners,
          kennysheep_decorative_pillar, uniq_joseph, uniq_erica, uniq_psyche
Temple:   eino_temple_scatter_basement

Skill      XL: |  1  2  3  4  5  6  7  8  9 10 |
---------------+-------------------------------+-----
Unarmed Combat | 3 4 5 6 7 8 |  8.3
Conjurations   | 1 3 5 6 7 |  7.0
Air Magic      | 1 3 5 7 |  7.0
Spellcasting   | 1 3 4 |  4.3
Fighting       | |  3.0
Dodging        | |  2.0
Stealth        | |  6.6

Action                   |  1- 3 |  4- 6 |  7- 9 | 10-12 || total
-------------------------+-------+-------+-------+-------++-------
Melee: Unarmed           |    74 |   117 |   238 |     6 ||   435
       Constrict         |    17 |    24 |    46 |     2 ||    89
       Tentacles         |    15 |    20 |    51 |       ||    86
       Punch             |       |     4 |    12 |     1 ||    17
Throw: Dart              |       |     4 |       |       ||     4
 Cast: Vhi's Electric Ch |       |       |     9 |       ||     9
       Lightning Bolt    |       |       |     4 |       ||     4
       Arcjolt           |       |       |     4 |       ||     4
Invok: Lunge             |       |       |    21 |       ||    21
       Whirlwind         |       |       |     9 |       ||     9
Evoke: Wand              |     1 |       |    13 |       ||    14
  Use: Scroll            |       |     1 |    15 |       ||    16
       Potion            |       |     1 |     9 |       ||    10
 Stab: Sleeping          |    11 |    14 |    10 |       ||    35
       Distracted        |       |       |     2 |       ||     2
       Invisible         |       |       |     1 |       ||     1
Armor: Skin              |     4 |     8 |     6 |       ||    18
Dodge: Dodged            |    48 |    57 |   132 |     2 ||   239

Table legend: (Time is in decaauts)
 A = Elapsed time spent in this place.
 B = Non-inter-level travel time spent in this place.
 C = Inter-level travel time spent in this place.
 D = Time resting spent in this place.
 E = Time spent auto-exploring this place.
 F = Levels seen in this place.
 G = Mean time per level.
                   A        B        C        D        E       F      G
               +--------+--------+--------+--------+--------+-----+--------+
         Total |  10206 |   9835 |    371 |   3199 |   5101 |   9 | 1134.0 |
       Dungeon |   9787 |   9450 |    337 |   3055 |   4882 |   8 | 1223.4 |
        Temple |    418 |    385 |     33 |    144 |    219 |   1 |  418.0 |
               +--------+--------+--------+--------+--------+-----+--------+

Top non-repeatable levels by time:
     D:5: 2307 daAuts
     D:6: 2150 daAuts
     D:2: 1462 daAuts
     D:4: 1043 daAuts
     D:3: 997 daAuts
     D:7: 826 daAuts
     D:1: 633 daAuts
  Temple: 418 daAuts
     D:8: 366 daAuts
